 Dungeon Crawl Stone Soup version 0.25-a0-253-g6f1b5d974a (webtiles) character file.

Game seed: 959213190059088455, levelgen mode: classic

1038 Borgoz the Slasher (level 8, 0/48 HPs)
             Began as a Gargoyle Gladiator on Dec 6, 2019.
             Slain by an ogre
             ... wielding a +0 giant club
              (6 damage)
             ... on level 6 of the Dungeon.
             The game lasted 00:10:24 (6085 turns).

Borgoz the Slasher (Gargoyle Gladiator)             Turns: 6085, Time: 00:10:25

Health: 0/48       AC: 13    Str: 19    XL:     8   Next: 24%
Magic:  8/8        EV: 13    Int: 10    God:
Gold:   261        SH:  0    Dex: 11    Spells: 7/7 levels left

rFire    . . .     SeeInvis .   a - +0 long sword
rCold    . . .     Gourm    .   (no shield)
rNeg     + . .     Faith    .   i - +0 troll leather armour {Purgy}
rPois    ∞         Spirit   .   w - +1 helmet
rElec    +         Reflect  .   j - +0 cloak
rCorr    .         Harm     .   (no gloves)
MR       +....                  (no boots)
Stlth    ++........             (no amulet)
HPRegen  0.56/turn              k - ring of protection from magic
MPRegen  0.11/turn              g - ring of stealth

@: about to teleport
A: negative energy resistance 1, electricity resistance, unbreathing,
petrification resistance, rot immunity, AC +5
a: no special abilities


You were on level 6 of the Dungeon.
You were not hungry.

You visited 2 branches of the dungeon, and saw 7 of its levels.
You also visited: Sewer.

You collected 261 gold pieces.

Inventory:

Hand Weapons
 a - a +0 long sword (weapon)
Missiles
 d - 3 throwing nets (quivered)
Armour
 i - a +0 troll leather armour (worn) {Purgy}
 j - a +0 cloak (worn)
 w - a +1 helmet (worn)
Jewellery
 g - a ring of stealth (right hand)
 k - a ring of protection from magic (left hand)
 l - an uncursed ring of magical power
Wands
 v - a wand of clouds (6)
Scrolls
 c - 2 scrolls of fog
 e - 4 scrolls of remove curse
 h - a scroll of amnesia
 o - a scroll of enchant armour
 s - 6 scrolls of teleportation
 u - 3 scrolls of magic mapping {unknown}
Potions
 b - a potion of might {unknown}
 n - 3 potions of flight
 p - a potion of resistance
 q - 2 potions of magic {unknown}
 r - a potion of invisibility {unknown}
 t - a potion of cancellation
 x - a potion of brilliance
Comestibles
 f - 11 rations
 m - 9 chunks of flesh


   Skills:
 + Level 4.9 Fighting
 * Level 6.0 Long Blades
 - Level 1.7 Throwing
 + Level 4.3 Armour
 + Level 4.2 Dodging


You had 7 spell levels left.
You didn't know any spells.
Your spell library contained the following spells:

 Spells                   Type           Power        Failure   Level  Hunger
 Confusing Touch          Hex            #.....       41%         1    ##.....
 Confuse                  Hex            #.......     78%         3    ####...
 Gell's Gravitas          Tloc           #.........   78%         3    ####...
 Petrify                  Tmut/Erth      #.......     99%         4    #####..
 Metabolic Englaciation   Hex/Ice        #.........   100%        5    ######.
 Yara's Violent Unravell  Hex/Tmut       #.........   100%        5    ######.


Dungeon Overview and Level Annotations

Branches:
Dungeon (6/15)             Temple (1/1) D:4           Sewer (visited)

Altars:
Cheibriados
Dithmenos
Elyvilon
Fedhas
Gozag
Makhleb
Nemelex Xobeh
Okawaru
Qazlal
Ru
Sif Muna
Trog
Uskayaw
Vehumet
Wu Jian
Xom
Yredelemnul
Zin
The Shining One

Shops:
D:6 }

Annotations:
D:6 Prince Ribbit


Innate Abilities, Weirdness & Mutations

You are resistant to torment.
Your stone body is resilient. (AC +5)
You are immune to poison.
You resist negative energy. (rN+)
You are resistant to electric shocks. (rElec)
You can survive without breathing.
You are immune to petrification.
You are immune to rotting.


Message History

You barely miss the ogre.
The ogre is lightly wounded.
The goblin throws a stone.
The stone hits you but does no damage.
You barely miss the ogre.
The ogre is lightly wounded.
The ogre hits you with a +0 giant club!!
The goblin throws a stone.
The stone closely misses you.
Prince Ribbit blinks!
You are too injured to fight recklessly!
An adder comes into view.
The ogre misses you.
You completely miss the ogre.
The ogre is lightly wounded.
The ogre hits you with a +0 giant club!
* * * LOW HITPOINT WARNING * * *
Prince Ribbit blinks!
Unknown command.
Okay, then.
As you read the scroll of teleportation, it crumbles to dust.
You feel strangely unstable. The ogre hits you with a +0 giant club.
You die...

.......8.###........#..#
..........#...........#
............#.........###
............##..........#.
..............#...........
.#........................
.###......................
.## ......................
..# ###.........@(........
#.# .........O##§...#..
#... .........##..####
..... ....S.......F.#.##
#.##.# .....<...........#
# # .. ..................
...............g.. #
..............(...
...............


You could see an ogre and an adder.

Vanquished Creatures
  Eustachio (D:5)
  Purgy (Sewer)
  An ice beast (D:5)
  A bullfrog (D:6)
  2 howler monkeys
  2 hounds
  A crimson imp (D:6)
  2 jellies
  2 bullfrog skeletons
  An orc priest (D:4)
  4 orc wizards
  A centaur skeleton (D:6)
  A worker ant (D:5)
  A worker ant zombie (D:5)
  8 adders
  An adder zombie (D:5)
  3 worms
  A dart slug (D:2)
  3 leopard geckos
  11 orcs
  A giant cockroach (D:4)
  12 goblins
  4 hobgoblins
  8 kobolds
  5 quokkas
  4 ball pythons
  2 bats
  12 frilled lizards
  A leopard gecko zombie (D:6)
  6 rats
103 creatures vanquished.

Notes
Turn   | Place    | Note
-------+----------+-------------------------------------------
     0 | D:1      | Borgoz the Gargoyle Gladiator began the quest for the Orb.
     0 | D:1      | Reached XP level 1. HP: 12/12 MP: 1/1
   341 | D:1      | Reached XP level 2. HP: 18/18 MP: 2/2
   819 | D:1      | Reached skill level 3 in Long Blades
  1016 | D:2      | Reached skill level 1 in Armour
  1016 | D:2      | Reached XP level 3. HP: 2/22 MP: 3/3
  1768 | D:2      | Found a glowing silver altar of Zin.
  1817 | D:2      | Found a radiant altar of Vehumet.
  1924 | D:2      | Reached XP level 4. HP: 24/27 MP: 4/4
  1962 | D:2      | Found a shimmering altar of Xom.
  2021 | D:2      | Found a burning altar of Makhleb.
  2462 | D:3      | Found a stormy altar of Qazlal.
  2697 | D:3      | Reached XP level 5. HP: 32/32 MP: 5/5
  2925 | D:3      | Reached skill level 4 in Long Blades
  3302 | D:3      | Found a faded altar of an unknown god.
  3458 | D:4      | Reached XP level 6. HP: 10/37 MP: 6/6
  3879 | D:4      | Found a snail-covered altar of Cheibriados.
  3897 | D:4      | Found a staircase to the Ecumenical Temple.
  3908 | Temple   | Entered the Ecumenical Temple
  4124 | D:4      | Found an iron altar of Okawaru.
  4993 | D:5      | Entered Level 5 of the Dungeon
  5006 | D:5      | Noticed Eustachio
  5024 | D:5      | Killed Eustachio
  5024 | D:5      | Reached skill level 5 in Long Blades
  5024 | D:5      | Reached XP level 7. HP: 41/43 MP: 7/7
  5583 | D:5      | Found a glowing drain.
  5604 | Sewer    | Entered a sewer
  5657 | Sewer    | Noticed Purgy
  5680 | Sewer    | Killed Purgy
  5921 | D:6      | Found Yrisumeg's Gadget Shop.
  5953 | D:5      | Reached XP level 8. HP: 23/48 MP: 8/8
  6056 | D:6      | Reached skill level 6 in Long Blades
  6078 | D:6      | Noticed Prince Ribbit
  6085 | D:6      | Slain by an ogre

Levels and vault maps discovered:
D:1:      dpeg_arrival_arbitrary_a, layout_basic, serial_corexii_hall,
          corexii_hall_statues_l, chequers_hall_statues_wall_a,
          corexii_hall_statues_u, corexii_hall_statues_t, chequers_mini_garden
D:2:      layout_loops_cross, marbit_many_paths, makhleb_heckhound_becter,
          vehumet_crystals, lemuel_coloured_pillars_altar, first_ration
D:3:      layout_loops_corners, chequers_ecumenical_altar_lobes,
          grunt_qazlal_sundering
D:4:      layout_layer_cave, kennysheep_little_box, okawaru_altar_gauntlet_db,
          minmay_temple_entry_waves
D:5:      layout_cave_pools, portal_sewer_entry_d, uniq_eustachio
D:6:      layout_cave_pools, lemuel_doored_altar, lemuel_round_altar,
          serial_shops, nicolae_shop_statue_plus, minivault_11, uniq_pikel,
          uniq_prince_ribbit1, uniq_blork_the_orc
Temple:   dshaligram_water_room_temple

Skill      XL: |  1  2  3  4  5  6  7  8 |
---------------+-------------------------+-----
Long Blades    | 3 4 5 6 |  6.0
Armour         | 1 2 3 4 |  4.3
Fighting       | 3 4 |  4.9
Dodging        | 3 4 |  4.2
Throwing       | |  1.7

Action                   |  1- 3 |  4- 6 |  7- 9 || total
-------------------------+-------+-------+-------++-------
Melee: Long sword        |   118 |   172 |   149 ||   439
Evoke: Wand              |       |     1 |     1 ||     2
  Use: Potion            |     2 |     4 |     2 ||     8
       Scroll            |       |     9 |     1 ||    10
 Stab: Sleeping          |     8 |     5 |     1 ||    14
       Confused          |       |     1 |       ||     1
  Eat: Chunk             |     3 |    10 |     1 ||    14
       Ration            |       |       |     1 ||     1
Armor: Leather armour    |    55 |    88 |    44 ||   187
       Troll leather arm |       |       |    33 ||    33
Dodge: Dodged            |    92 |   175 |   131 ||   398
       Rpst.: Long sword |    32 |    48 |    29 ||   109

Table legend:
 A = Non-vault XP
 B = Vault XP
 C = Vault XP percentage of total XP
 D = Non-vault monster count
 E = Vault monster count
 F = Vault count percentage of total count
                 A         B        C        D         E       F
            +---------+---------+-------+---------+---------+-------
      Total |    1087 |     396 |  26.7 |      86 |      17 |  16.5
            +---------+---------+-------+---------+---------+-------
        D:1 |      18 |       0 |   0.0 |      12 |       0 |   0.0
        D:2 |      72 |      47 |  39.5 |      20 |       2 |   9.1
        D:3 |      98 |       0 |   0.0 |      18 |       0 |   0.0
        D:4 |     269 |      11 |   3.9 |      17 |       6 |  26.1
        D:5 |     369 |     199 |  35.0 |      11 |       2 |  15.4
        D:6 |     261 |       0 |   0.0 |       8 |       0 |   0.0
      Sewer |       0 |     139 | 100.0 |       0 |       7 | 100.0
            +---------+---------+-------+---------+---------+-------
